 Dungeon Crawl Stone Soup version 0.20-a0-1043-gbd57889 (webtiles) character file.

18477 Multipenetrator the Cleaver (level 12, -7/92 HPs)
             Began as a Formicid Fighter on Apr 24, 2017.
             Was an Elder of Makhleb.
             Killed from afar by a frost giant (21 damage)
             ... with a bolt of cold
             ... in an ice cave.
             The game lasted 01:56:47 (13767 turns).

Multipenetrator the Cleaver (Formicid Fighter)     Turns: 13767, Time: 01:56:48

Health: -7/92      AC: 17    Str: 22    XL:     12   Next: 95%
Magic:  26/26      EV: 13    Int:  8    God:    Makhleb [****..]
Gold:   1185       SH: 12    Dex: 14    Spells: 11/11 levels left

rFire    . . .     SeeInvis +   b - +6 arbalest "Damnation" {damnation}
rCold    . . .     Gourm    .   c - +0 shield
rNeg     + + .     Faith    .   n - +5 scale mail "Lurim" {+Inv}
rPois    .         Spirit   .   (helmet unavailable)
rElec    .         Reflect  .   d - +0 cloak
rCorr    .         Harm     .   I - +0 pair of gloves
MR       ++...                  k - +0 pair of boots
Stlth    +.........             T - amulet of magic regeneration
Regen    0.3/turn               F - ring "Noasuf" {*Tele MP+9 Slay+3}
MPRegen  0.3/turn               e - ring of Itidah {+Fly rN++ MR+}

@: flying
A: permanent stasis, dig shafts and tunnels, four strong arms, antennae 3
a: Dig, Shaft Self, Minor Destruction, Lesser Servant of Makhleb, Major
Destruction, Renounce Religion, Evoke Invisibility, Stop Flying


You were in an ice cave.
You worshipped Makhleb.
Makhleb was greatly pleased with you.
You were hungry.

You visited 2 branches of the dungeon, and saw 12 of its levels.
You also visited: Bailey and Ice Cave.

You collected 1185 gold pieces.

Inventory:

Hand Weapons
 a - a +1 war axe of electrocution
 b - the +6 arbalest "Damnation" (weapon) {damnation}
   (You found it in a bailey)
 y - a +1 vampiric great sword
Missiles
 h - 57 bolts (quivered)
 v - 11 throwing nets
Armour
 c - a +0 shield (worn)
 d - a +0 cloak (worn)
 k - a +0 pair of boots (worn)
 n - the +5 scale mail "Lurim" (worn) {+Inv}
   (You found it on level 9 of the Dungeon)

   It lets you turn invisible.
 z - a +3 leather armour of cold resistance
 I - a +0 pair of gloves (worn)
 R - a +2 chain mail of fire resistance
Magical Staves
 P - an uncursed staff of earth {unknown}
Jewellery
 e - the ring of Itidah (right hand) {+Fly rN++ MR+}
   (You found it in an ice cave)

   [ring of flight]

   It greatly protects you from negative energy.
   It affects your resistance to hostile enchantments.
   It lets you fly.
 C - an uncursed ring of positive energy
 F - the ring "Noasuf" (left hand) {*Tele MP+9 Slay+3}
   (You took it off a centaur on level 10 of the Dungeon)

   [ring of teleportation]

   It may teleport you next to monsters.
   It affects your accuracy and damage with ranged weapons and melee attacks
   (+3).
   It affects your magic capacity (+9).
 T - an amulet of magic regeneration (around neck)
Wands
 w - a wand of paralysis (15/24)
 J - a wand of lightning (7/15)
 N - a wand of confusion (16/48)
 S - a wand of confusion (27/48)
Scrolls
 j - a scroll of remove curse
 l - a scroll of random uselessness {unknown}
 q - a scroll of blinking {unknown}
 r - 4 scrolls of immolation
 u - a scroll of recharging {unknown}
 x - 4 scrolls of amnesia
 A - 2 scrolls of fear
 B - 2 scrolls of noise {unknown}
 G - a scroll of enchant armour {unknown}
 M - 6 scrolls of fog
 Q - a scroll of enchant weapon {unknown}
 W - a scroll of brand weapon {unknown}
 Y - a scroll of acquirement {unknown}
Potions
 f - 4 potions of ambrosia
 i - 5 potions of mutation
 m - 4 potions of curing
 o - 2 potions of lignification {unknown}
 E - 2 potions of cancellation
 H - a potion of haste {unknown}
 K - a potion of berserk rage {unknown}
 L - 5 potions of resistance
 O - a potion of flight {unknown}
 V - a potion of brilliance
 X - a potion of agility
Books
 s - a book of Power

   Spells                             Type                      Level
   a - Iskenderun's Battlesphere      Conjuration/Charms           5
   b - Venom Bolt                     Conjuration/Poison           5
   c - Bolt of Magma                  Conjuration/Fire/Earth       5
   d - Iron Shot                      Conjuration/Earth            6
   e - Orb of Destruction             Conjuration                  7
   f - Spellforged Servitor           Conjuration/Summoning        7
Comestibles
 g - 4 meat rations
 p - 19 chunks of flesh
 t - 2 royal jellies
 D - 3 bread rations
 U - 2 fruits


   Skills:
 + Level 7.9 Fighting
 - Level 5.2 Long Blades
 + Level 11.3 Axes
 + Level 1.5 Crossbows
 + Level 8.7 Armour
 + Level 5.1 Dodging
 + Level 2.4 Stealth
 - Level 9.9 Shields
 + Level 7.2 Invocations
 * Level 6.1 Evocations


You had 11 spell levels left.
You didn't know any spells.

Dungeon Overview and Level Annotations

Branches:
Dungeon (11/15)            Temple (1/1) D:6             Orc (0/2) D:10
   Lair: D:8-11

Altars:
Ashenzari
Cheibriados
Dithmenos
Elyvilon
Fedhas
Gozag
Hepliaklqana
Kikubaaqudgha
Makhleb
Nemelex Xobeh
Okawaru
Qazlal
Ru
Sif Muna
Trog
Uskayaw
Vehumet
Wu Jian
Xom
Yredelemnul
Zin
The Shining One

Annotations:
D:3 exclusion: oklob plant


Innate Abilities, Weirdness & Mutations

You cannot be hasted, slowed, berserked, paralysed or teleported.
You can dig through walls and to a lower floor.
Your four strong arms can wield two-handed weapons with a shield.
You have a pair of large antennae on your head. (SInv)


Message History

Press: ? - help, Shift-Dir - straight line
Okay, then.
Okay, then.
A demon appears!
Firing (i - inventory. (,) - cycle):
h - 58 bolts (quivered)
Press: ? - help, Shift-Dir - straight line, f - you Really target yourself?
Okay, then.
Firing (i - inventory. (,) - cycle):
h - 58 bolts (quivered)
Press: ? - help, Shift-Dir - straight line You shoot a damnation bolt.
The damnation bolt explodes!
You hear a bellow!
Press: ? - help, Shift-Dir - straight line, f - frost giant
Aim: a frost giant, wielding a battleaxe of freezing (severely wounded)
The bolt of negative energy hits the frost giant.
The frost giant is drained!
The frost giant is almost dead.
The frost giant gestures at you while chanting.
The bolt of cold hits you!
You die...

.... { .... ## {.... .### #C....
...### #.... ##...# ##... ≈#..##
≈ ##..# ≈###.### ≈≈ #.C##
#####..##≈≈≈###3@###
.##...##≈≈≈≈≈≈##...### ###
.###..#≈≈≈≈≈≈≈≈#.##§§#####.###
##..###≈≈≈≈≈≈≈≈≈≈†#.#§§##.#..###
###..##≈≈≈≈≈≈≈##.#§####..####..#
###..##≈≈≈≈≈≈≈##).####### #..###
#...####≈≈≈# ###....### ##...#
##..####≈≈≈######....#...###..⌠..
#..#.##≈≈##..##.....####..###...#


You could see a frost giant and a friendly smoke demon.

Vanquished Creatures
  A great orb of eyes (D:10)
  2 two-headed ogres
  Joseph (D:7)
  An ice statue (IceCv)
  A rime drake (IceCv)
  2 ice devils (D:11)
  2 trolls
  15 polar bears (IceCv)
  A slime creature (D:10)
  3 hippogriffs
  2 wyverns
  18 yaks (IceCv)
  Menkaure (D:6)
  The ghost of Trigun the Skirmisher, an amateur GrFi (D:3)
  An acid dragon (D:10)
  4 ice beasts
  5 orc warriors
  A black bear (D:6)
  6 ogres
  A necrophage (D:8)
  A phantom (D:4)
  A centaur (D:10)
  14 wolves (IceCv)
  5 bullfrogs
  7 gnoll sergeants (Bailey)
  A water moccasin zombie (D:6)
  2 scorpions
  5 killer bees (D:10)
  5 wights
  A howler monkey (D:7)
  A bullfrog zombie (D:8)
  8 crimson imps
  2 centaur zombies
  8 orc wizards
  A bullfrog skeleton (D:10)
  2 jellies
  3 hounds
  8 orc priests
  3 centaur skeletons
  6 gnoll shamans (Bailey)
  An iguana (D:5)
  Ijyb (D:4)
  4 worker ants
  2 hound zombies
  2 hound skeletons
  A worker ant zombie (D:9)
  21 gnolls
  12 adders
  A howler monkey skeleton (D:4)
  2 shadow imps
  An ooze (D:3)
  3 adder zombies
  A worm (D:2)
  2 dart slugs
  4 leopard geckos
  43 orcs
  4 giant cockroaches
  9 goblins
  13 hobgoblins
  15 jackals
  7 kobolds
  5 quokkas
  A ball python (D:5)
  A ball python zombie (D:4)
  9 bats
  7 frilled lizards
  A quokka skeleton (D:5)
  A quokka zombie (D:4)
  9 rats
  8 fungi (D:3)
  10 plants (D:3)
354 creatures vanquished.

Vanquished Creatures (collateral kills)
  4 two-headed ogres
  An unseen horror (D:10)
  A sky beast (D:10)
  An orc warrior (D:10)
  A centaur (D:11)
  A gnoll sergeant (Bailey)
  An orc wizard (D:9)
  An adder (D:10)
  A shadow imp (D:10)
  An orc (D:10)
13 creatures vanquished.

Vanquished Creatures (others)
  2 fungi (D:4)
2 creatures vanquished.

Grand Total: 369 creatures vanquished

Notes
Turn   | Place    | Note
-------+----------+-------------------------------------------
     0 | D:1      | Multipenetrator the Formicid Fighter began the quest for the Orb.
     0 | D:1      | Reached XP level 1. HP: 18/18 MP: 1/1
   148 | D:1      | Reached XP level 2. HP: 19/24 MP: 2/2
   544 | D:3      | Found a blossoming altar of Fedhas.
   558 | D:3      | Noticed an oklob plant
   684 | D:3      | Reached XP level 3. HP: 29/29 MP: 3/3
   778 | D:2      | Found a radiant altar of Vehumet.
  1014 | D:3      | Reached XP level 4. HP: 33/37 MP: 4/4
  1088 | D:3      | Found a shimmering altar of Xom.
  1220 | D:3      | Reached XP level 5. HP: 25/42 MP: 5/5
  1255 | D:3      | You fall through a shaft for 2 floors!
  1255 | D:5      | Entered Level 5 of the Dungeon
  1662 | D:4      | Reached skill level 5 in Shields
  1952 | D:4      | Reached XP level 6. HP: 44/48 MP: 6/6
  1966 | D:4      | Reached skill level 1 in Dodging
  2009 | D:4      | Noticed a phantom
  2117 | D:4      | Killed a phantom
  2204 | D:4      | Reached XP level 7. HP: 34/54 MP: 7/7
  2350 | D:4      | Found a burning altar of Makhleb.
  2378 | D:4      | Became a worshipper of Makhleb the Destroyer
  2391 | D:4      | Noticed Ijyb
  2419 | D:4      | Killed Ijyb
  3069 | D:3      | Noticed Trigun's ghost (amateur GrFi)
  3080 | D:3      | Reached XP level 8. HP: 56/61 MP: 8/8
  3090 | D:3      | Reached skill level 5 in Long Blades
  3103 | D:3      | Killed Trigun's ghost
  3103 | D:3      | Reached * piety under Makhleb
  4014 | D:2      | Found a basalt altar of Yredelemnul.
  5417 | D:5      | Reached skill level 1 in Axes
  5461 | D:5      | Found a shadowy altar of Dithmenos.
  5461 | D:5      | Found an ornate altar of the Wu Jian Council.
  5515 | D:5      | Reached skill level 5 in Fighting
  5617 | D:5      | Noticed a wyvern
  5626 | D:5      | Killed a wyvern
  5626 | D:5      | Reached skill level 2 in Axes
  6134 | D:5      | Reached ** piety under Makhleb
  6430 | D:5      | Reached skill level 3 in Axes
  6467 | D:6      | Reached skill level 5 in Armour
  6467 | D:6      | Reached XP level 9. HP: 63/68 MP: 9/9
  6661 | D:6      | Found a bloodstained altar of Trog.
  6685 | D:6      | Found a snail-covered altar of Cheibriados.
  6730 | D:6      | Found an iron altar of Okawaru.
  6738 | D:6      | Noticed Menkaure
  6746 | D:6      | Killed Menkaure
  6746 | D:6      | Reached skill level 4 in Axes
  6983 | D:6      | Reached skill level 5 in Axes
  7028 | D:6      | Found a staircase to the Ecumenical Temple.
  7034 | Temple   | Entered the Ecumenical Temple
  7331 | D:6      | Found an ancient bone altar of Kikubaaqudgha.
  7727 | D:7      | Reached skill level 1 in Stealth
  8005 | D:7      | Reached skill level 6 in Axes
  8136 | D:7      | Reached XP level 10. HP: 50/76 MP: 10/10
  8201 | D:7      | Reached skill level 1 in Invocations
  8216 | D:7      | Noticed Joseph
  8237 | D:7      | Killed Joseph
  8237 | D:7      | Reached skill level 7 in Axes
  8633 | D:7      | Reached *** piety under Makhleb
  9025 | D:8      | Found a white marble altar of Elyvilon.
  9081 | D:8      | Found a flagged portal.
  9117 | Bailey   | Entered a bailey
  9784 | D:8      | Reached **** piety under Makhleb
 10189 | D:8      | Reached skill level 1 in Crossbows
 10195 | D:9      | Noticed a two-headed ogre
 10238 | D:9      | Killed a two-headed ogre
 10238 | D:9      | Reached skill level 8 in Axes
 10238 | D:9      | Reached XP level 11. HP: 83/83 MP: 14/14
 10295 | D:9      | Reached skill level 5 in Invocations
 10335 | D:9      | Noticed a two-headed ogre
 10342 | D:9      | Killed a two-headed ogre
 10489 | D:9      | Found a shattered altar of Ashenzari.
 10798 | D:9      | Got a bloodstained scale mail
 10809 | D:9      | Identified the +5 scale mail "Lurim" {+Inv} (You found it on level 9 of the Dungeon)
 11115 | D:10     | Entered Level 10 of the Dungeon
 11244 | D:10     | Reached skill level 9 in Axes
 11367 | D:10     | Reached skill level 1 in Evocations
 11473 | D:10     | Noticed a two-headed ogre
 11480 | D:10     | Killed a two-headed ogre
 11500 | D:10     | Noticed an unseen horror
 11511 | D:10     | Killed an unseen horror
 11574 | D:10     | Noticed a two-headed ogre
 11590 | D:10     | Killed a two-headed ogre
 11652 | D:10     | Found a staircase to the Orcish Mines.
 11822 | D:10     | Noticed a two-headed ogre
 11824 | D:10     | Noticed a great orb of eyes
 11846 | D:10     | Killed a two-headed ogre
 11848 | D:10     | HP: 3/84 [disintegration (40)]
 11851 | D:10     | Killed a great orb of eyes
 11903 | D:10     | Got a brightly glowing platinum ring
 11905 | D:10     | Identified the ring "Noasuf" {*Tele MP+9 Slay+3} (You took it off a centaur on level 10 of the Dungeon)
 12166 | D:11     | Noticed a two-headed ogre
 12175 | D:11     | Killed a two-headed ogre
 12175 | D:11     | Reached XP level 12. HP: 85/91 MP: 17/17
 12255 | D:11     | Found a frozen archway.
 12268 | D:11     | Reached skill level 10 in Axes
 12389 | IceCv    | Entered an ice cave
 12709 | IceCv    | Got a translucent silver ring
 12717 | IceCv    | Identified the ring of Itidah {+Fly rN++ MR+} (You found it in an ice cave)
 13396 | IceCv    | Reached skill level 5 in Evocations
 13623 | IceCv    | Reached skill level 11 in Axes
 13653 | IceCv    | Reached skill level 5 in Dodging
 13761 | IceCv    | Noticed a frost giant
 13767 | IceCv    | Killed from afar by a frost giant

Vault maps used:
D:1:      scummos_arrival_checkerplants
D:2:      overflow_temple_1_default, vehumet_crystals, minivault_23,
          minivault_27, minmay_liquid_box, kennysheep_generic_room_7
D:3:      tgw_fedhas, overflow_temple_1_default, grunt_ministairs_4
D:4:      overflow_temple_1_default, serial_undead, serial_undead_c,
          serial_undead_d, serial_undead_b, serial_undead_a,
          minmay_gold_behind_fungi, minivault_19, kennysheep_another_room,
          uniq_ijyb
D:5:      grunt_temple_overflow_open, first_bread
D:6:      okawaru_metal_pillars_1_2, cheibriados_altar_1,
          kiku_gazebo_pond_becter, kennysheep_little_box,
          minmay_temple_entry_enclosed_plants, uniq_menkaure
D:7:      uniq_joseph
D:8:      kennysheep_mini_moat, enter_bailey_8
D:9:      old_standard_altar
D:10:     orc_0_dummy, minmay_evil_grid
D:11:     erik_lair_island, portal_ice_cave_demonic_guard, grunt_tengu_nest,
          kennysheep_dice
Temple:   jpeg_temple_island
Bailey:   bailey_polearm_gnolls_kennysheep, bailey
IceCv:    ice_cave_caverns_02

Skill      XL: |  1  2  3  4  5  6  7  8  9 10 11 12 |
---------------+-------------------------------------+-----
Shields        | 4 5 6 8 9 |  9.9
Fighting       | 4 5 6 7 |  7.9
Armour         | 4 5 6 7 8 |  8.7
Long Blades    | 3 4 5 |  5.2
Dodging        | 1 2 3 4 5 |  5.1
Axes           | 3 6 8 9 11 | 11.3
Stealth        | 1 2 |  2.4
Invocations    | 4 7 |  7.2
Crossbows      | 1 |  1.5
Evocations     | 3 6 |  6.1

Action                   |  1- 3 |  4- 6 |  7- 9 | 10-12 || total
-------------------------+-------+-------+-------+-------++-------
Melee: Long sword        |   103 |   185 |   189 |       ||   477
       War axe           |       |       |   320 |   574 ||   894
 Fire: Arbalest          |       |       |       |     7 ||     7
Throw: Throwing net      |       |       |       |     1 ||     1
Invok: Minor Destruction |       |       |       |    37 ||    37
       Lesser Servant of |       |       |       |    12 ||    12
       Major Destruction |       |       |       |     6 ||     6
 Abil: Dig               |       |     1 |     6 |    21 ||    28
       Evoke Flight      |       |       |       |     1 ||     1
Evoke: Wand              |       |       |       |     1 ||     1
  Use: Potion            |       |       |     3 |     5 ||     8
       Scroll            |       |       |       |    14 ||    14
 Stab: Sleeping          |       |       |     1 |       ||     1
       Distracted        |       |       |       |     1 ||     1
  Eat: Chunk             |       |     5 |    14 |    18 ||    37
       Bread ration      |       |       |     1 |       ||     1
       Royal jelly       |       |       |     1 |     1 ||     2
Armor: Scale mail        |    48 |    68 |    11 |   117 ||   244
       Leather armour    |       |       |    33 |       ||    33
       Ring mail         |       |       |    68 |   153 ||   221
Dodge: Dodged            |    38 |    66 |   178 |   448 ||   730
Block: Shield            |    62 |   101 |   248 |   558 ||   969
       Rpst.: Long sword |    16 |    18 |    20 |       ||    54
